 Dungeon Crawl Stone Soup version 0.28.0-53-g5a82cb258f (webtiles) character file.

Game seed: 8302137560833163637

6237 hawla the Thaumaturge (level 10, -5/60 HPs)
             Began as a Deep Elf Earth Elementalist on June 12, 2022.
             Was a Priest of Vehumet.
             Slain by a black mamba (14 damage)
             ... on level 1 of the Lair of Beasts.
             The game lasted 00:39:05 (13866 turns).

hawla the Thaumaturge (DEEE)                       Turns: 13866, Time: 00:39:06

Health: -5/60      AC:  5    Str:  7    XL:     10   Next: 62%
Magic:  6/35       EV: 14    Int: 23    God:    Vehumet [***...]
Gold:   134        SH:  6    Dex: 17    Spells: 23/30 levels left

rFire   + + .      SeeInvis .   y - staff of fire
rCold   + . .      Faith    .   H - +1 buckler {rC+ rF+}
rNeg    . . .      Spirit   .   b - +0 robe
rPois   .          Reflect  .   m - +0 helmet
rElec   .          Harm     .   a - +1 cloak
rCorr   .          Rampage  .   (no gloves)
Will    +....      Rage     1%  (no boots)
Stlth   ++........              (no amulet)
HPRegen 0.20/turn               (no ring)
MPRegen 0.24/turn               x - ring of magical power

@: no status effects
A: agile 1, berserk 1, MP-powered wands
a: Renounce Religion


You were on level 1 of the Lair of Beasts.
You worshipped Vehumet.
Vehumet was most pleased with you.
You visited 3 branches of the dungeon, and saw 11 of its levels.
You also visited: Sewer.

You collected 449 gold pieces.
You spent 315 gold pieces at shops.

Inventory:

Hand Weapons
 g - a +3 vampiric dagger
 k - a +3 dagger of speed
 q - a +3 quarterstaff of chaos
Missiles
 d - 3 throwing nets
 e - 6 javelins
 i - 18 poisoned darts (quivered)
 v - 12 boomerangs
Armour
 a - a +1 cloak (worn)
 b - a +0 robe (worn)
 m - a +0 helmet (worn)
 H - a +1 buckler of resistance (worn)
Magical Staves
 y - a staff of fire (weapon)
Jewellery
 l - a ring of fire
 x - a ring of magical power (right hand)
Wands
 c - a wand of iceblast (14)
 r - a wand of flame (17)
 s - a wand of mindburst (9)
 E - a wand of digging (5)
 F - a wand of polymorph (4)
Scrolls
 j - 3 scrolls of fear
 o - a scroll of holy word
 t - 2 scrolls of blinking
 z - 8 scrolls of teleportation
 D - a scroll of magic mapping {unknown}
 I - a scroll of noise {unknown}
Potions
 h - 2 potions of ambrosia {unknown}
 n - 2 potions of magic {unknown}
 p - a potion of might
 u - a potion of berserk rage
 w - 5 potions of flight
 A - a potion of haste
 B - 2 potions of brilliance
 C - a potion of lignification
 G - 3 potions of curing


   Skills:
 * Level 5.6 Fighting
 + Level 2.5 Staves
 + Level 1.2 Throwing
 + Level 4.9 Dodging
 - Level 2.7 Stealth
 * Level 3.4 Shields
 + Level 10.5 Spellcasting
 + Level 6.9 Conjurations
 + Level 1.1 Transmutations
 + Level 1.0 Fire Magic
 + Level 9.4 Earth Magic
 + Level 1.0 Evocations


You had 23 spell levels left.
You knew the following spells:

 Your Spells              Type           Power      Damage    Failure   Level
a - Searing Ray           Conj           88%        2d7       1%          2
b - Stone Arrow           Conj/Erth      100%       3d13      1%          3
c - Blink                 Tloc           24%        N/A       11%         2

Your spell library contained the following spells:

 Spells                   Type           Power      Damage    Failure   Level
 Conjure Flame            Conj/Fire      45%        6-21      1%          3
 Magic Dart               Conj           100%       1d8       1%          1
 Sandblast                Erth           100%       2d20      1%          1
 Passwall                 Tmut/Erth      30%        N/A       1%          2
 Mephitic Cloud           Conj/Pois/Air  22%        N/A       2%          3
 Slow                     Hex            48%        N/A       7%          1
 Petrify                  Tmut/Erth      36%        N/A       8%          4
 Call Imp                 Summ           12%        N/A       11%         2
 Freezing Cloud           Conj/Ice/Air   11%        6-21      19%         5
 Confusing Touch          Hex            12%        N/A       22%         3
 Lesser Beckoning         Tloc           12%        N/A       22%         3
 Vampiric Draining        Necr           12%        2d6       22%         3
 Manifold Assault         Tloc           12%        N/A       89%         5
 Simulacrum               Ice/Necr       6%         N/A       100%        6
 Storm Form               Tmut/Air       7%         N/A       100%        7
 Polar Vortex             Ice            6%         N/A       100%        9


Dungeon Overview and Level Annotations

Branches:
Dungeon (9/15)             Temple (1/1) D:4            Lair (1/6) D:8
  Sewer (visited)
    Orc: D:9-12

Altars:
Ashenzari
Cheibriados
Dithmenos
Elyvilon
Fedhas
Gozag
Hepliaklqana
Kikubaaqudgha
Makhleb
Nemelex Xobeh
Okawaru
Qazlal
Ru
Sif Muna
Trog
Uskayaw
Vehumet
Wu Jian
Xom
Yredelemnul
Zin
The Shining One

Shops:
D:3 [   D:4 (

Annotations:
D:8 1 runed translucent door, NinjaNoafa's ghost, novice MiMo


Innate Abilities, Weirdness & Mutations

You are agile. (Dex +2)
You tend to lose your temper in combat.
You expend magic power (3 MP) to strengthen your wands.


Message History

The wolf bites you.
* * * LOW HITPOINT WARNING * * *
The searing ray misses the wolf.
The wolf closely misses you. x2
Casting: Searing Ray (safe; 1% risk of failure)
Confirm with . or Enter, or press ? or * to list all spells.
Aiming: Stone Arrow (safe; 1% risk of failure)
Press: ? - help, Shift-Dir - straight line, f/p - wolf
Aim: a wolf (almost dead, 60% to hit)
The stone arrow hits the wolf!!
You kill the wolf!
Vehumet accepts your kill.
You feel your power returning.
A black mamba comes into view.
You start resting.
A black mamba is nearby!
Casting: Stone Arrow (safe; 1% risk of failure)
Confirm with . or Enter, or press ? or * to list all spells.
Aiming: Stone Arrow (safe; 1% risk of failure)
Press: ? - help, Shift-Dir - straight line, f - black mamba
Aim: a black mamba (wandering, hasn't noticed you, 63% to hit)
The stone arrow misses the black mamba.
Casting: Stone Arrow (safe; 1% risk of failure)
Confirm with . or Enter, or press ? or * to list all spells.
Aiming: Stone Arrow (safe; 1% risk of failure)
Press: ? - help, Shift-Dir - straight line, f/p - black mamba
Aim: a black mamba (63% to hit)
The stone arrow hits the black mamba!!
The black mamba is heavily wounded.
You block the black mamba's attack.
Casting: Stone Arrow (safe; 1% risk of failure)
Confirm with . or Enter, or press ? or * to list all spells.
Aiming: Stone Arrow (safe; 1% risk of failure)
Press: ? - help, Shift-Dir - straight line, f/p - black mamba
Aim: a black mamba (heavily wounded, 63% to hit)
The stone arrow hits the black mamba!
The black mamba is almost dead.
The black mamba bites you.
* * * LOW HITPOINT WARNING * * *
The black mamba bites you!
You die...

..... #.#....# # .........#
#.#...#.# ##
..........##..#...#.# #.
...........###...8.#.# ##
............##........# ##
............###.#.....####.
...............#.....##..##
...............##.#+.#....#
.........S@.P# .####.#.
............## #....
###.......### ##.##
##..#...## ### ####.##
##.#....####P#######.##.(.
##..#.....................
≈≈.........................
≈##......?...............##
###......................#


You could see a black mamba.

Vanquished Creatures
  A two-headed ogre (D:8)
  A cyclops (D:9)
  A cane toad (Lair:1)
  Sigmund (D:4)
  7 yaks
  2 steam dragons
  4 water moccasins
  2 orc warriors (D:9)
  An ice beast (D:5)
  A sky beast (D:5)
  A necrophage (D:5)
  4 wolves (Lair:1)
  2 phantoms (D:6)
  5 bullfrogs
  A kobold brigand (D:8)
  A gnoll sergeant (D:8)
  2 scorpions
  5 wights (D:8)
  An electric eel (D:7)
  4 howler monkeys
  3 centaur zombies
  Crazy Yiuf (D:3)
  3 hounds
  4 orc priests
  2 bullfrog skeletons
  4 jellies
  A centaur skeleton (D:7)
  A gnoll shaman (D:9)
  An iguana (D:7)
  Natasha (thrice) (D:3)
  A merfolk siren (Sewer)
  5 orc wizards
  A merfolk avatar (Sewer)
  Robin (D:3)
  14 gnolls
  5 river rats (Sewer)
  8 adders
  4 worms
  19 orcs
  11 ball pythons
  7 endoplasms
  8 giant cockroaches
  16 goblins
  11 hobgoblins
  4 jackals (D:2)
  A quokka (Sewer)
  5 bats
  8 frilled lizards
  13 kobolds
  26 rats
238 creatures vanquished.

Vanquished Creatures (others)
  2 fungi (Lair:1)
  2 plants (Lair:1)
4 creatures vanquished.

Grand Total: 242 creatures vanquished

Notes
Turn   | Place    | Note
-------+----------+-------------------------------------------
     0 | D:1      | hawla the Deep Elf Earth Elementalist began the quest for
                  | the Orb.
     0 | D:1      | Reached XP level 1. HP: 10/10 MP: 6/6
   208 | D:1      | Reached XP level 2. HP: 15/15 MP: 4/8
  1018 | D:2      | Gained mutation: You tend to lose your temper in combat.
                  | [potion of mutation]
  1018 | D:2      | Gained mutation: You are agile. (Dex +2) [potion of
                  | mutation]
  1018 | D:2      | Gained mutation: You expend magic power (3 MP) to
                  | strengthen your wands. [potion of mutation]
  1198 | D:2      | Reached XP level 3. HP: 17/19 MP: 7/10
  1246 | D:2      | Learned a level 3 spell: Stone Arrow
  1501 | D:2      | Reached skill level 5 in Earth Magic
  1501 | D:2      | Reached XP level 4. HP: 18/24 MP: 0/11
  1780 | D:2      | Found a sparkling altar of Nemelex Xobeh.
  2902 | D:3      | Reached skill level 1 in Conjurations
  3018 | D:3      | Noticed Natasha
  3041 | D:3      | Killed Natasha
  3042 | D:3      | Reached XP level 5. HP: 28/28 MP: 1/12
  3700 | D:3      | Noticed Natasha
  3701 | D:3      | Found Dadaups's Armour Shoppe.
  3704 | D:3      | Killed Natasha
  3804 | D:3      | Noticed Natasha
  3807 | D:3      | Killed Natasha
  4241 | D:3      | Found a runed translucent door.
  4242 | D:3      | Noticed Crazy Yiuf
  4307 | D:3      | Noticed Robin
  4310 | D:3      | Reached skill level 4 in Spellcasting
  4492 | D:3      | Killed Robin
  4493 | D:3      | Reached XP level 6. HP: 33/33 MP: 6/14
  4696 | D:3      | Killed Crazy Yiuf
  4898 | D:4      | Reached skill level 1 in Fighting
  5262 | D:4      | Found Ewnoetas's Weapon Shop.
  5366 | D:4      | Noticed Sigmund
  5407 | D:4      | Killed Sigmund
  5408 | D:4      | Reached skill level 5 in Spellcasting
  5408 | D:4      | Reached XP level 7. HP: 37/39 MP: 6/16
  6152 | D:4      | Found a staircase to the Ecumenical Temple.
  6408 | Temple   | Entered the Ecumenical Temple
  6632 | Temple   | Became a worshipper of Vehumet
  6743 | D:5      | Entered Level 5 of the Dungeon
  7262 | D:5      | Reached skill level 6 in Spellcasting
  7825 | D:6      | Reached XP level 8. HP: 45/45 MP: 9/19
  8162 | D:6      | Reached skill level 7 in Spellcasting
  8162 | D:6      | Reached skill level 1 in Fire Magic
  8162 | D:6      | Reached skill level 1 in Evocations
  8385 | D:6      | Found a glowing drain.
  8413 | Sewer    | Entered a sewer
  8525 | Sewer    | Reached * piety under Vehumet
  8525 | Sewer    | Offered knowledge of Shock by Vehumet.
  8552 | Sewer    | Reached skill level 1 in Staves
  9151 | Sewer    | Reached ** piety under Vehumet
  9682 | D:7      | Found a sparkling altar of Nemelex Xobeh.
  9876 | D:7      | Found the +7 Throatcutter {drain, coup de grace}
 10110 | D:7      | Reached skill level 8 in Spellcasting
 10341 | D:3      | Bought a +0 buckler of resistance for 315 gold pieces
 10463 | D:7      | Reached XP level 9. HP: 52/52 MP: 19/23
 10467 | D:7      | Offered knowledge of Searing Ray by Vehumet.
 10631 | D:7      | Learned a level 2 spell: Searing Ray
 11112 | D:8      | Found a staircase to the Lair.
 11166 | D:8      | Reached skill level 5 in Conjurations
 11174 | D:8      | Noticed a two-headed ogre
 11418 | D:8      | Killed a two-headed ogre
 11419 | D:8      | Reached skill level 1 in Shields
 11419 | D:8      | Reached skill level 9 in Spellcasting
 11461 | D:8      | Reached skill level 1 in Throwing
 11578 | D:8      | Found a runed translucent door.
 11580 | D:8      | Noticed NinjaNoafa's ghost (novice MiMo)
 12126 | D:8      | Learned a level 2 spell: Blink
 12543 | D:9      | Noticed a cyclops
 12552 | D:9      | Offered knowledge of Dazzling Flash by Vehumet.
 12565 | D:9      | Killed a cyclops
 12566 | D:9      | Reached XP level 10. HP: 32/58 MP: 6/25
 12819 | D:9      | Reached skill level 10 in Spellcasting
 12821 | D:9      | Reached *** piety under Vehumet
 13080 | D:9      | Noticed a two-headed ogre
 13281 | Lair:1   | Entered Level 1 of the Lair of Beasts
 13295 | Lair:1   | Reached skill level 5 in Fighting
 13429 | Lair:1   | Noticed a cane toad
 13437 | Lair:1   | Killed a cane toad
 13609 | Lair:1   | Offered knowledge of Conjure Flame by Vehumet.
 13855 | Lair:1   | Noticed a black mamba
 13866 | Lair:1   | Slain by a black mamba

Illustrated notes

Levels and vault maps discovered:
D:1:      sevenhm_arrival_forest_fort_small_6, layout_basic, st_stairs_3,
          serial_bayou_pond_e, minmay_hedge_maze
D:2:      layout_basic, basic_altar
D:3:      layout_loops_ring, serial_shops, nicolae_shop_waterfront,
          kennysheep_generic_room_4, uniq_robin, uniq_crazy_yiuf_cottage,
          uniq_natasha
D:4:      layout_basic, minmay_temple_entry_fiery, serial_shops,
          kennysheep_mini_moat, serial_co_window_serial, co_window_paths_a,
          co_window_paths_a, co_window_corner_a, co_window_cross_1,
          co_window_paths_b, co_window_corner_b, co_window_cross_4,
          co_window_of_opportunity_c, co_window_corner_cb, uniq_sigmund
D:5:      layout_basic, kennysheep_generic_room_8
D:6:      layout_rooms, portal_sewer_entry_c
D:7:      layout_gridville, nemelex_spade_bored_becter, nicolae_lava_and_water
D:8:      layout_basic, lair_entry_dummy, ebering_ghost_reflecting_pool,
          minmay_misc_feat_square
D:9:      layout_basic, serial_shops, shop_statue
Temple:   mainiacjoe_temple_archimedes_tessellation
Lair:1:   layout_gridlike, grunt_megastairs_1

Skill      XL: |  1  2  3  4  5  6  7  8  9 10 |
---------------+-------------------------------+-----
Earth Magic    | 4 5 6 7 8 9 |  9.4
Conjurations   | 1 2 3 4 6 |  6.9
Spellcasting   | 4 5 6 8 9 10 | 10.5
Fighting       | 1 2 3 4 5 |  5.6
Dodging        | 3 4 |  4.9
Fire Magic     | 1 |  1.0
Evocations     | 1 |  1.0
Staves         | 2 |  2.5
Shields        | 2 3 |  3.4
Throwing       | 1 |  1.2
Stealth        | |  2.7
Transmutations | |  1.1

Action                   |  1- 3 |  4- 6 |  7- 9 | 10-12 || total
-------------------------+-------+-------+-------+-------++-------
Melee: Unarmed           |     6 |    25 |       |       ||    31
       Dagger            |       |    12 |       |       ||    12
       Quarterstaff      |       |     6 |     3 |       ||     9
       Staff             |       |       |    53 |     6 ||    59
Throw: Dart              |       |     5 |     2 |       ||     7
       Stone             |       |     2 |       |       ||     2
 Cast: Sandblast         |    35 |    19 |    25 |       ||    79
       Stone Arrow       |     8 |    65 |   109 |    34 ||   216
       Searing Ray       |       |       |    25 |    13 ||    38
Evoke: Wand              |       |       |     2 |       ||     2
  Use: Scroll            |     3 |     3 |    13 |       ||    19
       Potion            |     2 |     4 |       |       ||     6
 Stab: Sleeping          |       |       |     1 |     1 ||     2
Armor: Robe              |    11 |    23 |    24 |     8 ||    66
Dodge: Dodged            |    20 |    63 |    98 |    43 ||   224
Block: Buckler           |       |       |    16 |    20 ||    36
